 Dungeon Crawl Stone Soup version 0.30-a0-1163-gf69bf04e7a (webtiles) character file.

Game seed: 863960705905468634

3255 kae the Transmogrifier (level 10, 0/78 HPs)
             Began as a Merfolk Transmuter on Apr 28, 2023.
             Succumbed to a killer bee's poison
             ... on level 8 of the Dungeon.
             The game lasted 00:07:38 (7069 turns).

kae the Transmogrifier (Merfolk Transmuter)         Turns: 7069, Time: 00:07:39

Health: 0/78       AC:  8    Str: 16    XL:     10   Next: 0%
Magic:  0/20       EV: 10    Int: 16    God:
Gold:   469        SH:  0    Dex: 14    Spells: 12/22 levels left

rFire   . .          .
                       - Unarmed
rCold   + + +        (shield currently unavailable)
rNeg    . . .        a - melded +1 robe
rPois   +            (helmet currently unavailable)
rElec   .            (cloak currently unavailable)
rCorr   .            k - melded +0 pair of gloves
SInv    .            (boots currently unavailable)
Will    +....        z - amulet of Lilacs {Spirit Str+4}
Stlth   +            j - ring of willpower
HPRegen 0.33/turn    F - ring of protection from fire
MPRegen 0.17/turn

%: random rage (3%), guardian spirit
@: lethally poisoned (0 -> -8), ice-form, wereblooded, studying Maces & Flails
A: freezing attack, boosted hp, large, (nimble swimmer 2), (mertail), berserk 1
a: End Transformation


You were on level 8 of the Dungeon.
You were a creature of crystalline ice.
You visited 2 branches of the dungeon, and saw 9 of its levels.

You collected 469 gold pieces.


Innate Abilities, Weirdness & Mutations

You are a creature of crystalline ice.
You have a powerful freezing melee attack.
Your maximum health is increased.
Your armour is entirely melded.
You are incapable of wielding weapons or throwing items.
((You are very nimble when in or above water. (Stealth+, EV+, Speed+++)))
((Your lower body shifts to a powerful aquatic tail in water.))
You sometimes lose your temper in combat.


   Skills:
 - Level 1.1 Fighting
 - Level 2.6 Dodging
 + Level 8.5 Unarmed Combat
 + Level 6.8 Spellcasting
 + Level 9.7 Transmutations
 - Level 6.0 Ice Magic
 - Level 2.0 Poison Magic


You had 12 spell levels left.
You knew the following spells:

 Your Spells              Type           Power      Damage    Failure   Level
a - Beastly Appendage     Tmut           72%        N/A       1%          1
b - Wereblood             Tmut           36%        N/A       1%          2
c - Spider Form           Tmut/Pois      24%        N/A       3%          3
d - Ice Form              Ice/Tmut       30%        N/A       4%          4

Your spell library contained the following spells:

 Spells                   Type           Power      Damage    Failure   Level
 Ozocubu's Armour         Ice            24%        N/A       3%          3
 Call Canine Familiar     Summ           5%         N/A       36%         3
 Portal Projectile        Hex/Tloc       10%        N/A       36%         3
 Tukima's Dance           Hex            5%         N/A       36%         3
 Vhi's Electric Charge    Tloc/Air       10%        N/A       36%         3
 Yara's Violent Unravell  Hex/Tmut       10%        3d6       43%         5
 Metabolic Englaciation   Hex/Ice        7%         N/A       71%         5
 Leda's Liquefaction      Hex/Erth       2%         N/A       77%         4
 Passage of Golubria      Tloc           5%         N/A       77%         4
 Arcjolt                  Conj/Air       2%         1d12      98%         5
 Iskenderun's Battlesphe  Conj           5%         2d6       98%         5
 Simulacrum               Ice/Necr       7%         N/A       99%         6
 Iron Shot                Conj/Erth      2%         9d2       100%        6
 Spellforged Servitor     Conj/Summ      2%         N/A       100%        7
 Maxwell's Capacitive Co  Air            2%         ∞         100%        8

Inventory:

Missiles
 c - 72 stones
 d - 4 boomerangs
 l - 16 poisoned darts
Armour
 a - a +1 robe (melded)
 k - a +0 pair of gloves (melded)
   (You found it on level 3 of the Dungeon)
Magical Staves
 s - a staff of conjuration {!a}
   (You found it on level 3 of the Dungeon)
Jewellery
 j - a ring of willpower (left front paw)
   (You found it on level 2 of the Dungeon)
 z - the amulet of Lilacs (around neck) {Spirit Str+4}
   (You acquired it on level 7 of the Dungeon)

   [amulet of guardian spirit]

   It causes incoming damage to be divided between your reserves of health and
   magic.
   Str:       It affects your strength (+4).
 C - a ring of ice
   (You found it on level 6 of the Dungeon)
 F - a ring of protection from fire (right front paw)
   (You found it on level 4 of the Dungeon)
Wands
 m - a wand of flame (9)
   (You took it off a goblin on level 4 of the Dungeon)
 q - a wand of polymorph (24)
   (You took it off Sigmund on level 3 of the Dungeon)
 B - a wand of light (11)
   (You found it on level 7 of the Dungeon)
Scrolls
 f - a scroll of blinking {!r}
 i - 3 scrolls of fear
 o - a scroll of noise {!r}
 w - a scroll of identify {@r1}
 y - a scroll of enchant armour
 A - a scroll of fog {unknown}
Potions
 b - 3 potions of lignification {!q}
 e - a potion of ambrosia
 g - 2 potions of curing {@q1}
 h - 3 potions of mutation {!q}
 n - a potion of invisibility {unknown}
 p - 2 potions of flight
 r - 2 potions of brilliance
 t - a potion of haste {unknown}
 u - 2 potions of heal wounds {@q2}
 v - a potion of attraction {unknown}
 x - 2 potions of might

Dungeon Overview and Level Annotations

Branches:
Dungeon (8/15) Zot: 26368  Temple (1/1) D:4 Zot: 5950
   Lair: D:8-11

Altars:
Cheibriados
Dithmenos
Elyvilon
Fedhas
Gozag
Nemelex Xobeh
Okawaru
Sif Muna
Uskayaw
Vehumet
Wu Jian
Xom
Yredelemnul
Zin
The Shining One
Lugonu

Annotations:
D:3 2 transporters

.....# .....# #...
.....# #... .....#
#.... ##########....
#+###
...............#...+
...............#...#
...............y...#
........... #Y..#
...........
#...######+##
...........
#....#......#
#####+#####
##....#......#
+.....'......#
#######.##...#
##...##.##...#
#............#
#+####...........#


You could see a killer bee.


Message History

Your blood is infused with primal strength.
The killer bee closely misses you. The killer bee stings you!
The killer bee closely misses you. The killer bee barely misses you.
The killer bee completely misses you. The killer bee stings you!
The killer bee barely misses you.
The killer bee stings you. 😕 HP[-16] MP[-6]
You take 16 damage, and now have 54/70 hp.
MASSIVE DAMAGE!! (PAUSE)
You lost 6 mp, and now have 9/19 mp.
You closely miss the killer bee.
The killer bee stings you but does no damage.
The killer bee stings you! The killer bee stings you.
The killer bee stings you but does no damage. 😮 HP[-8] MP[-2]
You take 8 damage, and now have 46/70 hp.
You lost 2 mp, and now have 7/19 mp.
You barely miss the killer bee.
The killer bee stings you but does no damage.
The killer bee stings you.
You are poisoned.
The killer bee poisons you! 😮 HP[-3] MP[+1]
You take 3 damage, and now have 43/70 hp.
You hit the killer bee but do no damage.
You feel sick. The killer bee barely misses you. The killer bee stings you.
The killer bee stings you!
* * * LOW HITPOINT WARNING * * *
The killer bee stings you.
* * * LOW HITPOINT WARNING * * *
You are more poisoned.
The killer bee poisons you! 😨 HP[-11] MP[-2]
You take 11 damage, and now have 32/70 hp.
You lost 2 mp, and now have 6/19 mp.
You miss the killer bee.
You feel sick. The killer bee barely misses you. The killer bee stings you!
* * * LOW HITPOINT WARNING * * *
The killer bee stings you but does no damage.
The killer bee stings you.
* * * LOW HITPOINT WARNING * * *
😨 HP[-12] MP[-1]
You take 12 damage, and now have 20/70 hp.
You lost 1 mp, and now have 5/19 mp.
You punch the killer bee! You freeze the killer bee.
You feel sick. The killer bee stings you.
* * * LOW HITPOINT WARNING * * *
The killer bee stings you but does no damage. 😱 HP[-4]
You take 4 damage, and now have 16/70 hp.
Unknown command.
Okay, then.
As you read the scroll of fear, it crumbles to dust.
You assume a fearsome visage.
The killer bee looks frightened! x4
You feel sick. 😱 HP[-2]
You take 2 damage, and now have 14/70 hp.
You hit the killer bee. You freeze the killer bee.
You feel sick. The killer bee barely misses you. The killer bee stings you.
* * * LOW HITPOINT WARNING * * *
😱 HP[-7] MP[-1]
You take 7 damage, and now have 7/70 hp.
You lost 1 mp, and now have 4/19 mp.
Unknown command.
You hit the killer bee. You freeze the killer bee.
You feel sick. The killer bee closely misses you.
The killer bee stings you but does no damage.
Cornered, the killer bee turns to fight!
You punch the killer bee! You freeze the killer bee.
You feel sick. The killer bee stings you.
* * * LOW HITPOINT WARNING * * *
😱 HP[-2] MP[+1]
You take 2 damage, and now have 5/70 hp.
You barely miss the killer bee.
You feel sick. The killer bee stings you.
* * * LOW HITPOINT WARNING * * *
The killer bee stings you but does no damage.
The killer bee barely misses you. 😱 HP[-3] MP[-3]
You take 3 damage, and now have 2/70 hp.
You lost 3 mp, and now have 2/19 mp.
You hit the killer bee. You freeze the killer bee.
You feel a bit better.
You kill the killer bee!
You feel sick. The killer bee barely misses you. The killer bee stings you.
* * * LOW HITPOINT WARNING * * *
You are more poisoned.
The killer bee poisons you!
You have reached level 10!
You feel stronger.
Unknown command. 😱 MP[-2]
You now have 78 max hp (+8).
You lost 2 mp, and now have 0/20 mp.
Unknown command.
Unknown command.
You feel better. The killer bee stings you.
* * * LOW HITPOINT WARNING * * *
The killer bee stings you.
* * * LOW HITPOINT WARNING * * *
You are lethally poisoned!
The killer bee poisons you!
You closely miss the killer bee.
You die...

Skill      XL: |  1  2  3  4  5  6  7  8  9 |
---------------+----------------------------+-----
Transmutations | 3 5 6 7 9 |  9.7
Poison Magic   | 1 2 |  2.0
Unarmed Combat | 4 5 6 8 |  8.5
Spellcasting   | 3 4 5 6 |  6.8
Ice Magic      | 1 4 6 |  6.0
Fighting       | |  1.1
Dodging        | |  2.6

Action                     |  1- 3 |  4- 6 |  7- 9 | 10-12 || total
---------------------------+-------+-------+-------+-------++-------
  Melee: Unarmed           |    91 |    97 |   270 |     1 ||   459
         Headbutt          |     9 |     5 |     1 |       ||    15
         Punch             |     1 |     1 |     1 |       ||     3
   Cast: Beastly Appendage |    20 |     6 |     1 |       ||    27
         Spider Form       |     4 |    15 |    17 |       ||    36
         Wereblood         |       |     2 |     8 |       ||    10
         Ice Form          |       |       |    26 |       ||    26
    Use: Scroll            |     4 |     7 |     8 |       ||    19
         Potion            |       |       |     2 |     1 ||     3
   Stab: Sleeping          |     1 |     1 |       |       ||     2
 Armour: Robe              |    14 |     6 |     4 |       ||    24
         Skin              |     2 |    10 |    70 |       ||    82
  Dodge: Dodged            |    67 |    66 |   190 |       ||   323

Levels and vault maps discovered:
D:1:      lightli_arrival_quake, layout_loops_ring
D:2:      layout_rooms
D:3:      gammafunk_steamed_eel, layout_rooms, good_gods_mini_temple,
          uniq_sigmund
D:4:      layout_cave_pools, nicolae_dithmenos_shadow_blocks,
          vehumet_altar_wand_db, minmay_temple_entry_statues_fountains,
          amcnicky_mini_pool_small, minmay_a_box_with_orc_wizards_in_it
D:5:      layout_gridville, lemuel_round_altar, mainiacjoe_overflow_alcove_1,
          dreamdust_gnoll_farm
D:6:      layout_loops_ring, minmay_mini_ossuary
D:7:      layout_rooms
D:8:      minmay_cornered_nines, layout_gridville, minitemple
Temple:   corrupted_temple

Notes
Turn   | Place    | Note
-------+----------+-------------------------------------------
     0 | D:1      | kae the Merfolk Transmuter began the quest for the Orb.
     0 | D:1      | Reached XP level 1. HP: 15/15 MP: 3/3
     0 | D:1      | magus.rc [v1.11.3]
    30 | D:1      | HP: 2/15 [quokka (3)]
   124 | D:1      | You pick up a book of the Hunter and begin reading...
   124 | D:1      | You add the spells Call Canine Familiar, Portal Projectile
                  | and Leda's Liquefaction to your library.
   273 | D:1      | Reached skill level 3 in Transmutations
   273 | D:1      | Reached XP level 2. HP: 20/21 MP: 1/5
   315 | D:1      | Reached skill level 1 in Poison Magic
   782 | D:1      | Reached XP level 3. HP: 26/26 MP: 4/6
   785 | D:1      | Learned a level 2 spell: Wereblood
   789 | D:1      | Learned a level 3 spell: Spider Form
   944 | D:2      | HP: 6/26 [worm (10)]
  1157 | D:2      | HP: 6/26 [poisoned by a goblin]
  1265 | D:2      | Reached XP level 4. HP: 32/32 MP: 3/7
  1354 | D:2      | Reached skill level 4 in Unarmed Combat
  1354 | D:2      | Reached skill level 2 in Poison Magic
  1693 | D:3      | Found a transporter.
  1743 | D:3      | Found a transporter.
  1748 | D:3      | Noticed Sigmund
  1762 | D:3      | Reached skill level 4 in Transmutations
  1765 | D:3      | Killed Sigmund
  1766 | D:3      | Reached skill level 3 in Spellcasting
  1766 | D:3      | Reached skill level 5 in Transmutations
  1766 | D:3      | Reached XP level 5. HP: 37/37 MP: 3/10
  1766 | D:3      | Reached XP level 6. HP: 43/43 MP: 3/11
  2193 | D:3      | Found a white marble altar of Elyvilon.
  2193 | D:3      | Found a glowing silver altar of Zin.
  2193 | D:3      | Found a glowing golden altar of the Shining One.
  2275 | D:3      | Learned a level 4 spell: Ice Form
  2292 | D:4      | Found a radiant altar of Vehumet.
  2346 | D:4      | Found a staircase to the Ecumenical Temple.
  2366 | Temple   | Entered the Ecumenical Temple
  2454 | D:4      | Reached skill level 5 in Unarmed Combat
  2454 | D:4      | Reached skill level 1 in Ice Magic
  2565 | D:4      | You pick up a book of Winter and begin reading...
  2565 | D:4      | You add the spells Ozocubu's Armour, Metabolic Englaciation
                  | and Simulacrum to your library.
  2588 | D:4      | Found a shadowy altar of Dithmenos.
  2714 | D:4      | Reached XP level 7. HP: 48/48 MP: 8/12
  2749 | D:4      | Reached skill level 2 in Ice Magic
  3093 | D:5      | Entered Level 5 of the Dungeon
  3178 | D:5      | Reached skill level 4 in Spellcasting
  3178 | D:5      | Reached skill level 3 in Ice Magic
  3220 | D:5      | Reached skill level 6 in Transmutations
  3534 | D:5      | Reached skill level 4 in Ice Magic
  3534 | D:5      | Reached XP level 8. HP: 42/54 MP: 5/14
  3617 | D:5      | Identified the +2 rapier of Xisoi {protect, rC+++ Str+3
                  | Dex+4 Stlth-}
  3687 | D:5      | Gained mutation: You sometimes lose your temper in combat.
                  | [mutagenic glow]
  3813 | D:5      | Reached skill level 6 in Unarmed Combat
  4115 | D:5      | Reached skill level 5 in Ice Magic
  4339 | D:5      | Found a shimmering altar of Xom.
  4455 | D:5      | Found a hide-covered altar of Uskayaw.
  4508 | D:6      | You add the spells Tukima's Dance, Passage of Golubria and
                  | Yara's Violent Unravelling to your library.
  4539 | D:6      | Reached skill level 7 in Transmutations
  4584 | D:6      | Reached skill level 5 in Spellcasting
  4684 | D:6      | Reached skill level 6 in Ice Magic
  4694 | D:6      | Reached XP level 9. HP: 42/59 MP: 13/16
  4977 | D:6      | Identified the +4 robe of Idealism {Fly Will- Dex+6 Stlth+}
  4999 | D:6      | Reached skill level 7 in Unarmed Combat
  5272 | D:6      | Reached skill level 8 in Transmutations
  5598 | D:7      | HP: 17/70 [killer bee (4)]
  5830 | D:7      | Reached skill level 6 in Spellcasting
  6125 | D:7      | You add the spells Vhi's Electric Charge, Arcjolt and
                  | Maxwell's Capacitive Coupling to your library.
  6335 | D:7      | Reached skill level 9 in Transmutations
  6408 | D:7      | Identified a scroll of acquirement
  6408 | D:7      | Acquired the amulet of Lilacs {Spirit Str+4}
  6516 | D:8      | Reached skill level 8 in Unarmed Combat
  7018 | D:8      | You pick up a book of Power and begin reading...
  7018 | D:8      | You add the spells Iskenderun's Battlesphere, Iron Shot and
                  | Spellforged Servitor to your library.
  7061 | D:8      | HP: 16/70 [killer bee (3)]
  7063 | D:8      | HP: 7/70 [killer bee (5)]
  7066 | D:8      | HP: 2/70 [killer bee (2)]
  7068 | D:8      | Reached XP level 10. HP: 2/65 MP: 0/20
  7069 | D:8      | Succumbed to a killer bee's poison

Vanquished Creatures
  Sigmund (D:3)
  A wyvern (D:8)
  2 sky beasts (D:7)
  3 black bears (D:5)
  An ice beast (D:5)
  2 ogres
  3 centaurs
  A phantom (D:5)
  3 bullfrogs
  A gnoll sergeant (D:7)
  5 scorpions
  5 wights (D:8)
  4 killer bees
  6 hounds
  2 jellies (D:6)
  A gnoll bouda (D:6)
  2 orc priests
  2 sleepcaps (D:6)
  6 orc wizards
  3 iguanas
  A mummy (D:6)
  12 gnolls
  8 adders
  3 white imps
  An ufetubus (D:5)
  2 worms (D:2)
  4 dart slugs
  21 orcs
  4 endoplasms
  3 giant cockroaches
  5 goblins
  11 hobgoblins
  A kobold (D:1)
  5 quokkas
  6 ball pythons
  5 bats
  4 frilled lizards
  A hobgoblin zombie (D:6)
  3 orc zombies (D:6)
  5 rats
159 creatures vanquished.

Table legend:
 A = Non-vault XP
 B = Vault XP
 C = Vault XP percentage of total XP
 D = Non-vault monster count
 E = Vault monster count
 F = Vault count percentage of total count
                 A         B        C        D         E       F
            +---------+---------+-------+---------+---------+-------
      Total |    4155 |     496 |  10.7 |     144 |      15 |   9.4
            +---------+---------+-------+---------+---------+-------
        D:1 |      38 |       0 |   0.0 |      21 |       0 |   0.0
        D:2 |      82 |       0 |   0.0 |      16 |       0 |   0.0
        D:3 |      53 |     239 |  81.8 |      20 |       1 |   4.8
        D:4 |     244 |     108 |  30.7 |      15 |       4 |  21.1
        D:5 |    1015 |     127 |  11.1 |      19 |       5 |  20.8
        D:6 |     952 |      22 |   2.3 |      21 |       5 |  19.2
        D:7 |     948 |       0 |   0.0 |      18 |       0 |   0.0
        D:8 |     823 |       0 |   0.0 |      14 |       0 |   0.0
            +---------+---------+-------+---------+---------+-------

Skill      XL: |  1  2  3  4  5  6  7  8  9 |
---------------+----------------------------+-----
Transmutations | 3 5 6 7 9 |  9.7
Poison Magic   | 1 2 |  2.0
Unarmed Combat | 4 5 6 8 |  8.5
Spellcasting   | 3 4 5 6 |  6.8
Ice Magic      | 1 4 6 |  6.0
Fighting       | |  1.1
Dodging        | |  2.6

Action                     |  1- 3 |  4- 6 |  7- 9 | 10-12 || total
---------------------------+-------+-------+-------+-------++-------
  Melee: Unarmed           |    91 |    97 |   270 |     1 ||   459
         Headbutt          |     9 |     5 |     1 |       ||    15
         Punch             |     1 |     1 |     1 |       ||     3
   Cast: Beastly Appendage |    20 |     6 |     1 |       ||    27
         Spider Form       |     4 |    15 |    17 |       ||    36
         Wereblood         |       |     2 |     8 |       ||    10
         Ice Form          |       |       |    26 |       ||    26
    Use: Scroll            |     4 |     7 |     8 |       ||    19
         Potion            |       |       |     2 |     1 ||     3
   Stab: Sleeping          |     1 |     1 |       |       ||     2
 Armour: Robe              |    14 |     6 |     4 |       ||    24
         Skin              |     2 |    10 |    70 |       ||    82
  Dodge: Dodged            |    67 |    66 |   190 |       ||   323

Illustrated notes

Table legend:
 A = Kills in this place as a percentage of kills in the entire game.
 B = Kills by you in this place as a percentage of kills by you in the entire game.
 C = Kills by friends in this place as a percentage of kills by friends in the entire game.
 D = Other kills in this place as a percentage of other kills in the entire game.
 E = Experience gained in this place as a percentage of experience gained in the entire game.
 F = Experience gained in this place divided by the number of levels of this place that you have seen.
                   A       B       C       D       E      F
               +-------+-------+-------+-------+-------+----------------------
         Total | 100.0 | 100.0 |   N/A |   N/A | 100.0 | 516.8
       Dungeon | 100.0 | 100.0 |   N/A |   N/A | 100.0 | 581.4
               +-------+-------+-------+-------+-------+----------------------

Table legend: (Time is in decaauts)
 A = Elapsed time spent in this place.
 B = Non-inter-level travel time spent in this place.
 C = Inter-level travel time spent in this place.
 D = Time resting spent in this place.
 E = Time spent auto-exploring this place.
 F = Levels seen in this place.
 G = Mean time per level.
                   A        B        C        D        E       F      G
               +--------+--------+--------+--------+--------+-----+--------+
         Total |   7073 |   6873 |    200 |    284 |   5310 |   9 |  785.9 |
       Dungeon |   7024 |   6838 |    186 |    284 |   5282 |   8 |  878.0 |
        Temple |     49 |     36 |     13 |      0 |     27 |   1 |   49.0 |
               +--------+--------+--------+--------+--------+-----+--------+

Top non-repeatable levels by time:
     D:5: 1400 daAuts
     D:6: 1300 daAuts
     D:1: 920 daAuts
     D:4: 821 daAuts
     D:2: 678 daAuts
     D:3: 677 daAuts
     D:7: 630 daAuts
     D:8: 594 daAuts
  Temple: 49 daAuts
